Workbook

Sheet Anexo I.a.ND
B2: ANEXO I.a - COMPOSIÇÃO US - REDE AÉREA
B3: LOTE 01 - SQNW 102
B4: DATA BASE: 05/2021
B6: 1 - MÃO DE OBRA DIRETA (Encargos Sociais Não Desonerados) | G6: =SUM(G9:G17) -> 0
B8: CATEGORIA PROFISSIONAL | C8: QTE. | D8: TEMPO NO SERVIÇO | E8: SALÁRIO (MÊS) | F8: PERICULOSIDADE | G8: TOTAL
B9: Ajudante de Eletricista | C9: 4 | D9: 1 | E9: 0 | F9: =ROUNDDOWN(E9*0.3,2) -> 0 | G9: =ROUNDDOWN((E9+F9)*C9*D9,2) -> 0
B10: Eletricista | C10: 4 | D10: 1 | E10: 0 | F10: =ROUNDDOWN(E10*0.3,2) -> 0 | G10: =ROUNDDOWN((E10+F10)*C10*D10,2) -> 0
B11: Encarregado Geral de Obras | C11: 1 | D11: 1 | E11: 0 | F11: =ROUNDDOWN(E11*0.3,2) -> 0 | G11: =ROUNDDOWN((E11+F11)*C11*D11,2) -> 0
B12: Eletrotécnico | C12: 1 | D12: 0.5 | E12: 0 | F12: =ROUNDDOWN(E12*0.3,2) -> 0 | G12: =ROUNDDOWN((E12+F12)*C12*D12,2) -> 0
B13: Almoxarife | C13: 1 | D13: 0.5 | E13: 0 | G13: =ROUNDDOWN((E13+F13)*C13*D13,2) -> 0
B14: Auxiliar de Almoxarife | C14: 1 | D14: 0.5 | E14: 0 | G14: =ROUNDDOWN((E14+F14)*C14*D14,2) -> 0
B15: Motorista Operador de Caminhão com Munk | C15: 2 | D15: 0.75 | E15: 0 | F15: =ROUNDDOWN(E15*0.3,2) -> 0 | G15: =ROUNDDOWN((E15+F15)*C15*D15,2) -> 0
B16: Engenheiro Eletricista | C16: 1 | D16: 0.5 | E16: 0 | F16: =ROUNDDOWN(E16*0.3,2) -> 0 | G16: =ROUNDDOWN((E16+F16)*C16*D16,2) -> 0
B17: Técnico em Segurança do Trabalho | C17: 1 | D17: 0.5 | E17: 0 | F17: =ROUNDDOWN(E17*0.3,2) -> 0 | G17: =ROUNDDOWN((E17+F17)*C17*D17,2) -> 0
B19: 2 - ENCARGOS COMPLEMENTARES | G19: =SUM(G21:G25) -> 0
B21: Benefícios | G21: 0
B22: Exames | G22: 0
B23: Seguro de Vida / Acidentes | G23: 0
B24: EPIs | G24: 0
B25: Cursos de Capacitação | G25: 0
B27: 3 - VEÍCULOS, EQUIPAMENTOS E FERRAMENTAS - CUSTO FIXO | G27: =SUM(G29:G32) -> 0
B29: Caminhão carga média com guindauto: depreciação, juros, impostos e seguro - Principal | G29: 0
B30: Caminhão carga média com guindauto: depreciação, juros, impostos e seguro - Apoio | G30: 0
B31: Picape leve 4x2: depreciação, juros, impostos e seguro | G31: 0
B32: Ferramentas: depreciação | G32: 0
B34: 4 - VEÍCULOS, EQUIPAMENTOS E FERRAMENTAS - CUSTO VARIÁVEL | G34: =SUM(G36:G38) -> 0
B36: Caminhão carga média com guindauto: manutenção e materiais na operação - Principal | G36: 0
B37: Caminhão carga média com guindauto: manutenção e materiais na operação - Apoio | G37: 0
B38: Picape leve 4x2: manutenção e materiais na operação | G38: 0
B41: 5 - CUSTO DO SERVIÇO (Soma dos Itens 1 a 4) | G41: =G6+G19+G27+G34 -> 0
B43: 6 - PRODUÇÃO DO SERVIÇO (US / MÊS) | G43: 150
B45: CUSTO DO SERVIÇO POR US (SEM BDI) | G45: =ROUNDDOWN(G41/G43,2) -> 0

Sheet Anexo I.b.ND
B2: ANEXO I.b - COMPOSIÇÃO US - REDE SUBTERRÂNEA
B3: LOTE 01 - SQNW 102
B4: DATA BASE: 05/2021
B6: 1 - MÃO DE OBRA DIRETA (Encargos Sociais Não Desonerados) | G6: =SUM(G9:G17) -> 0
B8: CATEGORIA PROFISSIONAL | C8: QTE. | D8: TEMPO NO SERVIÇO | E8: SALÁRIO (MÊS) | F8: PERICULOSIDADE | G8: TOTAL
B9: Ajudante de Eletricista | C9: 5 | D9: 1 | E9: 0 | F9: =ROUNDDOWN(E9*0.3,2) -> 0 | G9: =ROUNDDOWN((E9+F9)*C9*D9,2) -> 0
B10: Eletricista | C10: 5 | D10: 1 | E10: 0 | F10: =ROUNDDOWN(E10*0.3,2) -> 0 | G10: =ROUNDDOWN((E10+F10)*C10*D10,2) -> 0
B11: Encarregado Geral de Obras | C11: 1 | D11: 1 | E11: 0 | F11: =ROUNDDOWN(E11*0.3,2) -> 0 | G11: =ROUNDDOWN((E11+F11)*C11*D11,2) -> 0
B12: Eletrotécnico | C12: 1 | D12: 0.25 | E12: 0 | F12: =ROUNDDOWN(E12*0.3,2) -> 0 | G12: =ROUNDDOWN((E12+F12)*C12*D12,2) -> 0
B13: Almoxarife | C13: 1 | D13: 0.25 | E13: 0 | G13: =ROUNDDOWN((E13+F13)*C13*D13,2) -> 0
B14: Auxiliar de Almoxarife | C14: 1 | D14: 0.25 | E14: 0 | G14: =ROUNDDOWN((E14+F14)*C14*D14,2) -> 0
B15: Motorista Operador de Caminhão com Munk | C15: 1 | D15: 1 | E15: 0 | F15: =ROUNDDOWN(E15*0.3,2) -> 0 | G15: =ROUNDDOWN((E15+F15)*C15*D15,2) -> 0
B16: Engenheiro Eletricista | C16: 1 | D16: 0.125 | E16: 0 | F16: =ROUNDDOWN(E16*0.3,2) -> 0 | G16: =ROUNDDOWN((E16+F16)*C16*D16,2) -> 0
B17: Técnico em Segurança do Trabalho | C17: 1 | D17: 0.125 | E17: 0 | F17: =ROUNDDOWN(E17*0.3,2) -> 0 | G17: =ROUNDDOWN((E17+F17)*C17*D17,2) -> 0
B19: 2 - ENCARGOS COMPLEMENTARES | G19: =SUM(G21:G25) -> 0
B21: Benefícios | G21: 0
B22: Exames | G22: 0
B23: Seguro de Vida / Acidentes | G23: 0
B24: EPIs e EPCs | G24: 0
B25: Cursos de Capacitação | G25: 0
B27: 3 - VEÍCULOS, EQUIPAMENTOS E FERRAMENTAS - CUSTO FIXO | G27: =SUM(G29:G33) -> 0
B29: Caminhão carga média com guindauto: depreciação, juros, impostos e seguro | G29: 0
B30: Picape carga média 4x4: depreciação, juros, impostos e seguro | G30: 0
B31: Picape carga leve 4x2: depreciação, juros, impostos e seguro | G31: 0
B32: Gerador portátil monofásico, 5,5 kVA: depreciação e juros | G32: 0
B33: Ferramentas: depreciação | G33: 0
B35: 4 - VEÍCULOS, EQUIPAMENTOS E FERRAMENTAS - CUSTO VARIÁVEL | G35: =SUM(G37:G40) -> 0
B37: Caminhão carga média com guindauto: manutenção e materiais na operação | G37: 0
B38: Picape carga média 4x4: manutenção e materiais na operação | G38: 0
B39: Picape carga leve 4x2: manutenção e materiais na operação | G39: 0
B40: Gerador portátil monofásico, 5,5 kVA: manutenção e materiais na operação | G40: 0
B43: 5 - CUSTO DO SERVIÇO (Soma dos Itens 1 a 4) | G43: =G6+G19+G27+G35 -> 0
B45: 6 - PRODUÇÃO DO SERVIÇO (US / MÊS) | G45: 275
B47: CUSTO DO SERVIÇO POR US (SEM BDI) | G47: =ROUNDDOWN(G43/G45,2) -> 0

Sheet Anexo I.c.ND
B2: ANEXO I.c - ORÇAMENTO DE SERVIÇOS - MONTAGEM ELETROMECÂNICA
B3: LOTE 01 - SQNW 102
B4: DATA BASE: 05/2021
B6: US REDE AÉREA (CONFORME ANEXO I.a) | E6: ='Anexo I.a.ND'!G45 -> 0
B7: US REDE SUBTERRÂNEA (CONFORME ANEXO I.b) | E7: ='Anexo I.b.ND'!G47 -> 0
B9: ITEM | C9: DESCRIÇÃO | E9: UNID. | F9: QTE. | G9: QTE. US/UNID. | H9: PREÇO
H10: UNITÁRIO | I10: =CONCATENATE("UNITÁRIO C/ BDI (",TEXT('Anexo I.h.ND'!$I$27,"0,00%"),")") -> UNITÁRIO C/ BDI (25,71%) | J10: TOTAL C/ BDI
B12: 1 | C12: SERVIÇOS DE IMPLANTAÇÃO DE REDE DE DISTRIBUIÇÃO SUBTERRÂNEA | J12: =SUM(J13:J25) -> 0
B13: 1.1 | D13: ENFIAÇÃO DE CIRCUITO PRIMÁRIO TRIFÁSICO, 15kV, 95 mm² | E13: M | F13: 570 | G13: 0.054 | H13: =ROUNDDOWN($E$7*G13,2) -> 0 | I13: =ROUNDDOWN(H13*(1+'Anexo I.h.ND'!$I$27),2) -> 0 | J13: =ROUNDDOWN(I13*F13,2) -> 0
B14: 1.2 | D14: ENFIAÇÃO DE CIRCUITO SECUNDÁRIO TRIFÁSICO 120 mm² EPR/XPLE, NEUTRO NU 95 mm² | E14: M | F14: 1520 | G14: 0.043 | H14: =ROUNDDOWN($E$7*G14,2) -> 0 | I14: =ROUNDDOWN(H14*(1+'Anexo I.h.ND'!$I$27),2) -> 0 | J14: =ROUNDDOWN(I14*F14,2) -> 0
B15: 1.3 | D15: ENFIAÇÃO DE CIRCUITO SECUNDÁRIO TRIFÁSICO 185 mm² EPR/XPLE, NEUTRO NU 150 mm² | E15: M | F15: 593 | G15: 0.053 | H15: =ROUNDDOWN($E$7*G15,2) -> 0 | I15: =ROUNDDOWN(H15*(1+'Anexo I.h.ND'!$I$27),2) -> 0 | J15: =ROUNDDOWN(I15*F15,2) -> 0
B16: 1.4 | D16: MONTAGEM DE REDE - ACESSÓRIO PARA FIXAÇÃO NA CAIXA (SUPORTE E DEGRAUS) | E16: UN. | F16: 54 | G16: 0.842 | H16: =ROUNDDOWN($E$7*G16,2) -> 0 | I16: =ROUNDDOWN(H16*(1+'Anexo I.h.ND'!$I$27),2) -> 0 | J16: =ROUNDDOWN(I16*F16,2) -> 0
B17: 1.5 | D17: MONTAGEM DE REDE - TERMINAL UNIPOLAR DE 15 kV | E17: UN. | F17: 24 | G17: 1.683 | H17: =ROUNDDOWN($E$7*G17,2) -> 0 | I17: =ROUNDDOWN(H17*(1+'Anexo I.h.ND'!$I$27),2) -> 0 | J17: =ROUNDDOWN(I17*F17,2) -> 0
B18: 1.6 | D18: MONTAGEM ELETROMECÂNICA DE ET – CAIXA DE COMANDO DE IP | E18: UN. | F18: 2 | G18: 1.089 | H18: =ROUNDDOWN($E$7*G18,2) -> 0 | I18: =ROUNDDOWN(H18*(1+'Anexo I.h.ND'!$I$27),2) -> 0 | J18: =ROUNDDOWN(I18*F18,2) -> 0
B19: 1.7 | D19: MONTAGEM ELETROMECÂNICA DE ET – MALHA DE TERRA | E19: UN. | F19: 2 | G19: 3.385 | H19: =ROUNDDOWN($E$7*G19,2) -> 0 | I19: =ROUNDDOWN(H19*(1+'Anexo I.h.ND'!$I$27),2) -> 0 | J19: =ROUNDDOWN(I19*F19,2) -> 0
B20: 1.8 | D20: MONTAGEM ELETROMECÂNICA DE ET - CONJUNTO DE BARRAMENTO DE DISTRIBUIÇÃO (CBT) | E20: UN. | F20: 6 | G20: 2.82 | H20: =ROUNDDOWN($E$7*G20,2) -> 0 | I20: =ROUNDDOWN(H20*(1+'Anexo I.h.ND'!$I$27),2) -> 0 | J20: =ROUNDDOWN(I20*F20,2) -> 0
B21: 1.9 | D21: MONTAGEM ELETROMECÂNICA DE ET – DISJUNTOR TERMOMAGNÉTICO | E21: UN. | F21: 2 | G21: 3.1 | H21: =ROUNDDOWN($E$7*G21,2) -> 0 | I21: =ROUNDDOWN(H21*(1+'Anexo I.h.ND'!$I$27),2) -> 0 | J21: =ROUNDDOWN(I21*F21,2) -> 0
B22: 1.10 | D22: MONTAGEM ELETROMECÂNICA DE ET – ENFIAÇÃO DE CABOS DE BT | E22: UN. | F22: 2 | G22: 6.2 | H22: =ROUNDDOWN($E$7*G22,2) -> 0 | I22: =ROUNDDOWN(H22*(1+'Anexo I.h.ND'!$I$27),2) -> 0 | J22: =ROUNDDOWN(I22*F22,2) -> 0
B23: 1.11 | D23: MONTAGEM ELETROMECÂNICA DE ET - CHAVE PRIMÁRIA SF6 DE 04 VIAS COM ACESSÓRIOS | E23: UN. | F23: 2 | G23: 7.45 | H23: =ROUNDDOWN($E$7*G23,2) -> 0 | I23: =ROUNDDOWN(H23*(1+'Anexo I.h.ND'!$I$27),2) -> 0 | J23: =ROUNDDOWN(I23*F23,2) -> 0
B24: 1.12 | D24: MONTAGEM ELETROMECÂNICA DE ET – TRANSFORMADOR 1.000 kVA A SECO | E24: UN. | F24: 2 | G24: 3.1 | H24: =ROUNDDOWN($E$7*G24,2) -> 0 | I24: =ROUNDDOWN(H24*(1+'Anexo I.h.ND'!$I$27),2) -> 0 | J24: =ROUNDDOWN(I24*F24,2) -> 0
B25: 1.13 | D25: ENSAIO DE TRANSFORMADOR A SECO 1000 kVA JUNTO À CEB | E25: UN. | F25: 2 | G25: - | H25: 0 | I25: =ROUNDDOWN(H25*(1+'Anexo I.h.ND'!$I$27),2) -> 0 | J25: =ROUNDUP(I25*F25,2) -> 0
B27: 2 | C27: SERVIÇOS DE IMPLANTAÇÃO DE REDE DE DISTRIBUIÇÃO AÉREA (TRANSIÇÃO RDA/RDS) | J27: =SUM(J29:J31) -> 0
B29: 2.1 | D29: REDE AÉREA DE AT COMPACTA BT ISOLADA | E29: UN. | F29: 1 | G29: 2.295 | H29: =ROUNDDOWN($E$6*G29,2) -> 0 | I29: =ROUNDDOWN(H29*(1+'Anexo I.h.ND'!$I$27),2) -> 0 | J29: =ROUNDUP(I29*F29,2) -> 0
B30: 2.2 | D30: CONCRETAGEM DE BASE DE POSTE ATÉ 600 DAN | E30: UN. | F30: 1 | G30: 0.54 | H30: =ROUNDDOWN($E$6*G30,2) -> 0 | I30: =ROUNDDOWN(H30*(1+'Anexo I.h.ND'!$I$27),2) -> 0 | J30: =ROUNDUP(I30*F30,2) -> 0
B31: 2.3 | D31: SERVIÇO DE LINHA VIVA | E31: T-H | F31: 6 | G31: - | H31: 0 | I31: =ROUNDDOWN(H31*(1+'Anexo I.h.ND'!$I$27),2) -> 0 | J31: =ROUNDUP(I31*F31,2) -> 0
B33: 3 | C33: ELABORAÇÃO E APROVAÇÃO DE PROJETOS EXECUTIVOS | J33: =SUM(J35:J36) -> 0
B35: 3.1 | D35: ELABORAÇÃO E APROVAÇÃO JUNTO À CEB DO PROJETO EXECUTIVO E AS BUILT DA REDE DE DISTRIBUIÇÃO SUBTERRÂNEA (RDS) | E35: UN. | F35: 1 | G35: - | H35: 0 | I35: =ROUNDDOWN(H35*(1+'Anexo I.h.ND'!$I$27),2) -> 0 | J35: =ROUNDUP(I35*F35,2) -> 0
B36: 3.2 | D36: ELABORAÇÃO E APROVAÇÃO JUNTO À CEB DO PROJETO EXECUTIVO E AS BUILT DA REDE DE DISTRIBUIÇÃO AÉREA (RDA) | E36: UN. | F36: 1 | G36: - | H36: 0 | I36: =ROUNDDOWN(H36*(1+'Anexo I.h.ND'!$I$27),2) -> 0 | J36: =ROUNDUP(I36*F36,2) -> 0
B38: 4 | D38: VALOR TOTAL DOS SERVIÇOS DE MONTAGEM ELETROMECÂNICA C/ BDI (soma dos itens 1 a 3) | J38: =J12+J27+J33 -> 0

Sheet Anexo I.d.ND
B2: ANEXO I.d - ORÇAMENTO DE MATERIAIS - MONTAGEM ELETROMECÂNICA
B3: LOTE 01 - SQNW 102
B4: DATA BASE: 05/2021
B6: ITEM | C6: DESCRIÇÃO | D6: UNID. | E6: QTE. | F6: PREÇO (R$)
F7: UNITÁRIO | G7: BDI | H7: UNITÁRIO C/ BDI | I7: TOTAL
B9: 1 | C9: CABEAMENTO DE ALTA TENSÃO - REDE PRIMÁRIA | I9: =SUM(I10,I13,I16) -> 0
B10: 1.1 | C10: CABOS | I10: =SUM(I11:I12) -> 0
B11: 1.1.1 | C11: CABO EM COBRE ISOLADO, UNIPOLAR, 95 MM2, 8.7/15 kV. CONDUTOR EM COBRE ELETROLÍTICO NU, TÊMPERA MOLE, ENCORDOAMENTO CIRCULAR COMPACTO, CLASSE 2. BLINDAGEM DO CONDUTOR EM COMPOSTO TERMOFIXO SEMICONDUTOR. ISOLAÇÃO EM COMPOSTO TERMOFIXO DE POLIETILENO RETICULADO (XLPE) 90°C OU BORRACHA ETILENO-PROPILENO (EPR) 105°C. BLINDAGEM DA ISOLAÇÃO EM COMPOSTO TERMOFIXO SEMICONDUTOR, DE FÁCIL REMOÇÃO A FRIO. BLINDAGEM METÁLICA EM FIOS DE COBRE NU. COBERTURA EM COMPOSTO TERMOPLÁSTICO DE PVC SEM CHUMBO, TIPO ST2. NORMAS APLICÁVEIS: NBR NM 280, NBR 6251, NBR 7286 (PARA CABOS EM EPR), NBR 7287 (PARA CABOS EM XLPE). | D11: M | E11: 1711 | F11: 0 | G11: 0.2571 | H11: =ROUNDDOWN(F11*(1+G11),2) -> 0 | I11: =ROUNDDOWN(H11*E11,2) -> 0
B12: 1.1.2 | C12: CABO EM COBRE ISOLADO, UNIPOLAR, 95 MM2, 0.6/1 kV. CONDUTOR EM COBRE ELETROLÍTICO NU, TÊMPERA MOLE, ENCORDOAMENTO COM SEÇÃO CIRCULAR COMPACTA, CLASSE 2. ISOLAÇÃO EM COMPOSTO TERMOFIXO DE POLIETILENO RETICULADO (XLPE) 90°C OU BORRACHA ETILENO-PROPILENO (HEPR) 90°C. COBERTURA EM COMPOSTO TERMOPLÁSTICO DE PVC SEM CHUMBO, RETARDANTE À CHAMA, TIPO ST2. NORMAS APLICÁVEIS: NBR NM 280, NBR 6251, NBR 7286 (PARA CABOS EM EPR), NBR 7287 (PARA CABOS EM XLPE). | D12: M | E12: 353 | F12: 0 | G12: 0.2571 | H12: =ROUNDDOWN(F12*(1+G12),2) -> 0 | I12: =ROUNDDOWN(H12*E12,2) -> 0
B13: 1.2 | C13: ATERRAMENTO | I13: =SUM(I14:I15) -> 0
B14: 1.2.1 | C14: HASTE DE ATERRAMENTO 3/4", COMPRIMENTO 3,0M, NÚCLEO EM AÇO-CARBONO, REVESTIDA POR CAMADA UNIFORME DE COBRE ELETROLÍTICO (254 MÍCRONS). | D14: UN | E14: 1 | F14: 0 | G14: 0.2571 | H14: =ROUNDDOWN(F14*(1+G14),2) -> 0 | I14: =ROUNDDOWN(H14*E14,2) -> 0
B15: 1.2.2 | C15: CABO COBRE NU, 25MM2, 7 FIOS, MEIO DURO, CLASSE 2A, CONFORME NBR 6524. | D15: KG | E15: 0.4 | F15: 0 | G15: 0.2571 | H15: =ROUNDDOWN(F15*(1+G15),2) -> 0 | I15: =ROUNDDOWN(H15*E15,2) -> 0
B16: 1.3 | C16: SUPORTES PARA CAIXAS DE PASSAGEM | I16: =SUM(I17:I18) -> 0
B17: 1.3.1 | C17: SUPORTE EM AÇO GALVANIZADO PARA DEGRAUS DE CABOS DE REDE SUBTERRÂNEA, INCLUSO MATERIAL DE FIXAÇÃO. | D17: UN | E17: 22 | F17: 0 | G17: 0.2571 | H17: =ROUNDDOWN(F17*(1+G17),2) -> 0 | I17: =ROUNDDOWN(H17*E17,2) -> 0
B18: 1.3.2 | C18: DEGRAU EM AÇO GALVANIZADO PARA CABOS DE REDE SUBTERRÂNEA, TAMANHO 3 - 300MM | D18: UN | E18: 36 | F18: 0 | G18: 0.2571 | H18: =ROUNDDOWN(F18*(1+G18),2) -> 0 | I18: =ROUNDDOWN(H18*E18,2) -> 0
B20: 2 | C20: CABEAMENTO DE BAIXA TENSÃO - REDE SECUNDÁRIA | I20: =SUM(I21,I26,I31,I33) -> 0
B21: 2.1 | C21: CABOS | I21: =SUM(I22:I25) -> 0
B22: 2.1.1 | C22: CABO EM COBRE ISOLADO, UNIPOLAR, 120 MM2, 0.6/1 kV. CONDUTOR EM COBRE ELETROLÍTICO NU, TÊMPERA MOLE, ENCORDOAMENTO COM SEÇÃO CIRCULAR COMPACTA, CLASSE 2. ISOLAÇÃO EM COMPOSTO TERMOFIXO DE POLIETILENO RETICULADO (XLPE) 90°C OU BORRACHA ETILENO-PROPILENO (HEPR) 90°C. COBERTURA EM COMPOSTO TERMOPLÁSTICO DE PVC SEM CHUMBO, RETARDANTE À CHAMA, TIPO ST2. NORMAS APLICÁVEIS: NBR NM 280, NBR 6251, NBR 7286 (PARA CABOS EM EPR), NBR 7287 (PARA CABOS EM XLPE). | D22: M | E22: 4560 | F22: 0 | G22: 0.2571 | H22: =ROUNDDOWN(F22*(1+G22),2) -> 0 | I22: =ROUNDDOWN(H22*E22,2) -> 0
B23: 2.1.2 | C23: CABO EM COBRE ISOLADO, UNIPOLAR, 185 MM2, 0.6/1 kV. CONDUTOR EM COBRE ELETROLÍTICO NU, TÊMPERA MOLE, ENCORDOAMENTO COM SEÇÃO CIRCULAR COMPACTA, CLASSE 2. ISOLAÇÃO EM COMPOSTO TERMOFIXO DE POLIETILENO RETICULADO (XLPE) 90°C OU BORRACHA ETILENO-PROPILENO (HEPR) 90°C. COBERTURA EM COMPOSTO TERMOPLÁSTICO DE PVC SEM CHUMBO, RETARDANTE À CHAMA, TIPO ST2. NORMAS APLICÁVEIS: NBR NM 280, NBR 6251, NBR 7286 (PARA CABOS EM EPR), NBR 7287 (PARA CABOS EM XLPE). | D23: M | E23: 1779 | F23: 0 | G23: 0.2571 | H23: =ROUNDDOWN(F23*(1+G23),2) -> 0 | I23: =ROUNDDOWN(H23*E23,2) -> 0
B24: 2.1.3 | C24: CABO COBRE NU, 95MM2, 19 FIOS, MEIO DURO, CLASSE 3A, CONFORME NBR 6524. | D24: KG | E24: 1286 | F24: 0 | G24: 0.2571 | H24: =ROUNDDOWN(F24*(1+G24),2) -> 0 | I24: =ROUNDDOWN(H24*E24,2) -> 0
B25: 2.1.4 | C25: CABO COBRE NU, 150MM2, 37 FIOS, MEIO DURO, CLASSE 3A, CONFORME NBR 6524. | D25: KG | E25: 787 | F25: 0 | G25: 0.2571 | H25: =ROUNDDOWN(F25*(1+G25),2) -> 0 | I25: =ROUNDDOWN(H25*E25,2) -> 0
B26: 2.2 | C26: CONECTORES | I26: =SUM(I27:I30) -> 0
B27: 2.2.1 | C27: CONECTOR TERMINAL COMPRESSÃO, RETO, PARA CABO 95 MM2, 1 FURO, 2 COMPRESSÕES. | D27: UN | E27: 26 | F27: 0 | G27: 0.2571 | H27: =ROUNDDOWN(F27*(1+G27),2) -> 0 | I27: =ROUNDDOWN(H27*E27,2) -> 0
B28: 2.2.2 | C28: CONECTOR TERMINAL COMPRESSÃO, RETO, PARA CABO 120 MM2, 1 FURO, 2 COMPRESSÕES. | D28: UN | E28: 78 | F28: 0 | G28: 0.2571 | H28: =ROUNDDOWN(F28*(1+G28),2) -> 0 | I28: =ROUNDDOWN(H28*E28,2) -> 0
B29: 2.2.3 | C29: CONECTOR TERMINAL COMPRESSÃO, RETO, PARA CABO 150 MM2, 1 FURO, 2 COMPRESSÕES. | D29: UN | E29: 4 | F29: 0 | G29: 0.2571 | H29: =ROUNDDOWN(F29*(1+G29),2) -> 0 | I29: =ROUNDDOWN(H29*E29,2) -> 0
B30: 2.2.4 | C30: CONECTOR TERMINAL COMPRESSÃO, RETO, PARA CABO 185 MM2, 1 FURO, 2 COMPRESSÕES. | D30: UN | E30: 12 | F30: 0 | G30: 0.2571 | H30: =ROUNDDOWN(F30*(1+G30),2) -> 0 | I30: =ROUNDDOWN(H30*E30,2) -> 0
B31: 2.3 | C31: FUSÍVEIS | I31: =SUM(I32) -> 0
B32: 2.3.1 | C32: FUSÍVEL NH, RETARDADO, 225 A - 500 V, RUPTURA 100 kA, TAMANHO DIN-1 | D32: UN | E32: =3*15 -> 45 | F32: 0 | G32: 0.2571 | H32: =ROUNDDOWN(F32*(1+G32),2) -> 0 | I32: =ROUNDDOWN(H32*E32,2) -> 0
B33: 2.4 | C33: SUPORTES PARA CAIXAS DE PASSAGEM | I33: =SUM(I34:I35) -> 0
B34: 2.4.1 | C34: SUPORTE EM AÇO GALVANIZADO PARA DEGRAUS DE CABOS DE REDE SUBTERRÂNEA, INCLUSO MATERIAL DE FIXAÇÃO. | D34: UN | E34: 32 | F34: 0 | G34: 0.2571 | H34: =ROUNDDOWN(F34*(1+G34),2) -> 0 | I34: =ROUNDDOWN(H34*E34,2) -> 0
B35: 2.4.2 | C35: DEGRAU EM AÇO GALVANIZADO PARA CABOS DE REDE SUBTERRÂNEA, TAMANHO 2 - 200MM | D35: UN | E35: 84 | F35: 0 | G35: 0.2571 | H35: =ROUNDDOWN(F35*(1+G35),2) -> 0 | I35: =ROUNDDOWN(H35*E35,2) -> 0
B37: 3 | C37: ESTAÇÕES TRANSFORMADORAS | I37: =SUM(I38,I40,I47,I49,I56,I61) -> 0
B38: 3.1 | C38: TRANSFORMADOR | I38: =I39 -> 0
B39: 3.1.1 | C39: TRANSFORMADOR TRIFÁSICO, 15 kV, 1000 kVA, ISOLAÇÃO A SECO, CONFORME NTD 3.45 CEB. | D39: UN | E39: 2 | F39: 0 | G39: 0.1599 | H39: =ROUNDDOWN(F39*(1+G39),2) -> 0 | I39: =ROUNDDOWN(H39*E39,2) -> 0
B40: 3.2 | C40: PROTEÇÃO E MANOBRA | I40: =SUM(I41:I46) -> 0
B41: 3.2.1 | C41: CHAVE DE 4 VIAS
B42: 3.2.1.1 | C42: CHAVE SECCIONADORA TRIPOLAR, TENSÃO MÁXIMA DE OPERAÇÃO 15 kV, 200 A, 4 VIAS (2 VIAS DE ENTRADA, 2 VIAS DE SAÍDA), C/ TRANSFERÊNCIA AUTOMÁTICA, TELECOMANDO E TELESUPERVISÃO. ISOLAMENTO EM SF6, INTERRUPÇÕES EM SF6 OU VÁCUO, COM INTERRUPTOR DE FALTA NAS VIAS DE SAÍDA, NÃO SUBMERSÍVEL, COM TRÊS POSIÇÕES (ABERTA, FECHADA OU ATERRADA), CONFORME NTD 3.34 CEB. | D42: UN | E42: 2 | F42: 0 | G42: 0.1599 | H42: =ROUNDDOWN(F42*(1+G42),2) -> 0 | I42: =ROUNDDOWN(H42*E42,2) -> 0
B43: 3.2.2 | C43: DISJUNTOR BT GERAL
B44: 3.2.2.1 | C44: DISJUNTOR TERMOMAGNÉTICO, TRIPOLAR, 2000 A, 30 kA, 380 VCA, 60 Hz, EM CONFORMIDADE COM REQUISITOS DA NTD 1.05 CEB. | D44: UN | E44: 2 | F44: 0 | G44: 0.1599 | H44: =ROUNDDOWN(F44*(1+G44),2) -> 0 | I44: =ROUNDDOWN(H44*E44,2) -> 0
B45: 3.2.3 | C45: CBT
B46: 3.2.3.1 | C46: CONJUNTO DE BARRAMENTO DE DISTRIBUIÇÃO EM BAIXA TENSÃO (CBT), CORRENTE NOMINAL DO BARRAMENTO PRINCIPAL 1800 A, 8 SAÍDAS COM CHAVES SECCIONADORAS PORTA-FUSÍVEIS, PARA USO ABRIGADO, CONFORME NTD 3.37 CEB. | D46: UN | E46: 6 | F46: 0 | G46: 0.1599 | H46: =ROUNDDOWN(F46*(1+G46),2) -> 0 | I46: =ROUNDDOWN(H46*E46,2) -> 0
B47: 3.3 | C47: COMANDO PARA IP | I47: =SUM(I48) -> 0
B48: 3.3.1 | C48: QUADRO DE COMANDO PARA ILUMINAÇÃO PÚBLICA TIPO IP-4 COMPLETO, MONTAGEM COM DISJUNTORES, CONFORME NTD 3.09 CEB. INCLUSO CIRCUITO ALIMENTADOR DESDE O CBT. | D48: UN | E48: 2 | F48: 0 | G48: 0.1599 | H48: =ROUNDDOWN(F48*(1+G48),2) -> 0 | I48: =ROUNDDOWN(H48*E48,2) -> 0
B49: 3.4 | C49: CABEAMENTO | I49: =SUM(I51:I55) -> 0
B50: 3.4.1 | C50: CABEAMENTO ALTA TENSÃO
B51: 3.4.1.1 | C51: CABO EM COBRE ISOLADO, UNIPOLAR, 35 MM2, 8.7/15 kV. CONDUTOR EM COBRE ELETROLÍTICO NU, TÊMPERA MOLE, ENCORDOAMENTO CIRCULAR COMPACTO, CLASSE 2. BLINDAGEM DO CONDUTOR EM COMPOSTO TERMOFIXO SEMICONDUTOR. ISOLAÇÃO EM COMPOSTO TERMOFIXO DE POLIETILENO RETICULADO (XLPE) 90°C OU BORRACHA ETILENO-PROPILENO (EPR) 105°C. BLINDAGEM DA ISOLAÇÃO EM COMPOSTO TERMOFIXO SEMICONDUTOR, DE FÁCIL REMOÇÃO A FRIO. BLINDAGEM METÁLICA EM FIOS DE COBRE NU. COBERTURA EM COMPOSTO TERMOPLÁSTICO DE PVC SEM CHUMBO, TIPO ST2. NORMAS APLICÁVEIS: NBR NM 280, NBR 6251, NBR 7286 (PARA CABOS EM EPR), NBR 7287 (PARA CABOS EM XLPE). | D51: M | E51: 63 | F51: 0 | G51: 0.2571 | H51: =ROUNDDOWN(F51*(1+G51),2) -> 0 | I51: =ROUNDDOWN(H51*E51,2) -> 0
B52: 3.4.1.2 | C52: CABO COBRE NU, 35MM2, 7 FIOS, MEIO DURO, CLASSE 2A, CONFORME NBR 6524. | D52: KG | E52: 6.6 | F52: 0 | G52: 0.2571 | H52: =ROUNDDOWN(F52*(1+G52),2) -> 0 | I52: =ROUNDDOWN(H52*E52,2) -> 0
B53: 3.4.2 | C53: CABEAMENTO BAIXA TENSÃO
B54: 3.4.2.1 | C54: CABO EM COBRE ISOLADO, UNIPOLAR, 400 MM2, 0.6/1 kV. CONDUTOR EM COBRE ELETROLÍTICO NU, TÊMPERA MOLE, ENCORDOAMENTO COM SEÇÃO CIRCULAR COMPACTA, CLASSE 2. ISOLAÇÃO EM COMPOSTO TERMOFIXO DE POLIETILENO RETICULADO (XLPE) 90°C OU BORRACHA ETILENO-PROPILENO (HEPR) 90°C. COBERTURA EM COMPOSTO TERMOPLÁSTICO DE PVC SEM CHUMBO, RETARDANTE À CHAMA, TIPO ST2. NORMAS APLICÁVEIS: NBR NM 280, NBR 6251, NBR 7286 (PARA CABOS EM EPR), NBR 7287 (PARA CABOS EM XLPE). | D54: M | E54: 63 | F54: 0 | G54: 0.2571 | H54: =ROUNDDOWN(F54*(1+G54),2) -> 0 | I54: =ROUNDDOWN(H54*E54,2) -> 0
B55: 3.4.2.2 | C55: CABO EM COBRE ISOLADO, UNIPOLAR, 500 MM2, 0.6/1 kV. CONDUTOR EM COBRE ELETROLÍTICO NU, TÊMPERA MOLE, ENCORDOAMENTO COM SEÇÃO CIRCULAR COMPACTA, CLASSE 2. ISOLAÇÃO EM COMPOSTO TERMOFIXO DE POLIETILENO RETICULADO (XLPE) 90°C OU BORRACHA ETILENO-PROPILENO (HEPR) 90°C. COBERTURA EM COMPOSTO TERMOPLÁSTICO DE PVC SEM CHUMBO, RETARDANTE À CHAMA, TIPO ST2. NORMAS APLICÁVEIS: NBR NM 280, NBR 6251, NBR 7286 (PARA CABOS EM EPR), NBR 7287 (PARA CABOS EM XLPE). | D55: M | E55: 189 | F55: 0 | G55: 0.2571 | H55: =ROUNDDOWN(F55*(1+G55),2) -> 0 | I55: =ROUNDDOWN(H55*E55,2) -> 0
B56: 3.5 | C56: CONECTORES E TERMINAIS DESCONECTÁVEIS | I56: =SUM(I57:I60) -> 0
B57: 3.5.1 | C57: TERMINAL DESCONECTÁVEL COTOVELO (TDC), PARA CABO DE COBRE 15 kV 35 MM2, CONFORME EMD 08.038 CEB. | D57: UN | E57: 12 | F57: 0 | G57: 0.2571 | H57: =ROUNDDOWN(F57*(1+G57),2) -> 0 | I57: =ROUNDDOWN(H57*E57,2) -> 0
B58: 3.5.2 | C58: TERMINAL DESCONECTÁVEL COTOVELO (TDC), PARA CABO DE COBRE 15 kV 95 MM2, CONFORME EMD 08.038 CEB. | D58: UN | E58: 6 | F58: 0 | G58: 0.2571 | H58: =ROUNDDOWN(F58*(1+G58),2) -> 0 | I58: =ROUNDDOWN(H58*E58,2) -> 0
B59: 3.5.3 | C59: CONECTOR TERMINAL COMPRESSÃO, RETO, PARA CABO 400 MM2, 2 FUROS, 2 COMPRESSÕES. | D59: UN | E59: 8 | F59: 0 | G59: 0.2571 | H59: =ROUNDDOWN(F59*(1+G59),2) -> 0 | I59: =ROUNDDOWN(H59*E59,2) -> 0
B60: 3.5.4 | C60: CONECTOR TERMINAL COMPRESSÃO, RETO, PARA CABO 500 MM2, 2 FUROS, 2 COMPRESSÕES. | D60: UN | E60: 48 | F60: 0 | G60: 0.2571 | H60: =ROUNDDOWN(F60*(1+G60),2) -> 0 | I60: =ROUNDDOWN(H60*E60,2) -> 0
B61: 3.6 | C61: EQUIPOTENCIALIZAÇÃO / ATERRAMENTO | I61: =SUM(I62:I67) -> 0
B62: 3.6.1 | C62: CORDOALHA,COBRE ESTANHADO,P/ATERRAMENTO,LARGURA,9.52(3/8POL). | D62: M | E62: 60 | F62: 0 | G62: 0.2571 | H62: =ROUNDDOWN(F62*(1+G62),2) -> 0 | I62: =ROUNDDOWN(H62*E62,2) -> 0
B63: 3.6.2 | C63: HASTE DE ATERRAMENTO 3/4", COMPRIMENTO 3,0M, NÚCLEO EM AÇO-CARBONO, REVESTIDA POR CAMADA UNIFORME DE COBRE ELETROLÍTICO (254 MÍCRONS). | D63: UN | E63: 24 | F63: 0 | G63: 0.2571 | H63: =ROUNDDOWN(F63*(1+G63),2) -> 0 | I63: =ROUNDDOWN(H63*E63,2) -> 0
B64: 3.6.3 | C64: CABO COBRE NU, 120 MM2, 37 FIOS, MEIO DURO, CLASSE 3A, CONFORME NBR 6524. | D64: KG | E64: 120 | F64: 0 | G64: 0.2571 | H64: =ROUNDDOWN(F64*(1+G64),2) -> 0 | I64: =ROUNDDOWN(H64*E64,2) -> 0
B65: 3.6.4 | C65: CARTUCHO P/SOLDA EXOTÉRMICA, NÚMERO 150. | D65: UN | E65: 40 | F65: 0 | G65: 0.2571 | H65: =ROUNDDOWN(F65*(1+G65),2) -> 0 | I65: =ROUNDDOWN(H65*E65,2) -> 0
B66: 3.6.5 | C66: CONECTOR PARAFUSO FENDIDO,CU,S/ESPACADOR,1/0-350 MCM. | D66: UN | E66: 10 | F66: 0 | G66: 0.2571 | H66: =ROUNDDOWN(F66*(1+G66),2) -> 0 | I66: =ROUNDDOWN(H66*E66,2) -> 0
B67: 3.6.6 | C67: CONECTOR TERMINAL COMPRESSÃO, RETO, PARA CABO 120 MM2, 1 FURO, 2 COMPRESSÕES. | D67: UN | E67: 10 | F67: 0 | G67: 0.2571 | H67: =ROUNDDOWN(F67*(1+G67),2) -> 0 | I67: =ROUNDDOWN(H67*E67,2) -> 0
B69: 4 | C69: TRANSIÇÃO REDE AÉREA / REDE SUBTERRÂNEA | I69: =SUM(I70:I81) -> 0
B70: 4.1 | C70: POSTE CONCRETO ARMADO CIRCULAR, 11/600 | D70: UN | E70: 1 | F70: 0 | G70: 0.2571 | H70: =ROUNDDOWN(F70*(1+G70),2) -> 0 | I70: =ROUNDDOWN(H70*E70,2) -> 0
B71: 4.2 | C71: ESTRUTURA CE2 | D71: UN | E71: 1 | F71: 0 | G71: 0.2571 | H71: =ROUNDDOWN(F71*(1+G71),2) -> 0 | I71: =ROUNDDOWN(H71*E71,2) -> 0
B72: 4.3 | C72: FERRAGEM DE FIXAÇÃO DA ESTRUTURA CE2, POSTE SC 11/600, 1° NÍVEL | D72: UN | E72: 1 | F72: 0 | G72: 0.2571 | H72: =ROUNDDOWN(F72*(1+G72),2) -> 0 | I72: =ROUNDDOWN(H72*E72,2) -> 0
B73: 4.4 | C73: ESTRUTURA S11 | D73: UN | E73: 1 | F73: 0 | G73: 0.2571 | H73: =ROUNDDOWN(F73*(1+G73),2) -> 0 | I73: =ROUNDDOWN(H73*E73,2) -> 0
B74: 4.5 | C74: FERRAGEM DE FIXAÇÃO DA ESTRUTURA S11, POSTE SC 11/600 | D74: UN | E74: 1 | F74: 0 | G74: 0.2571 | H74: =ROUNDDOWN(F74*(1+G74),2) -> 0 | I74: =ROUNDDOWN(H74*E74,2) -> 0
B75: 4.6 | C75: KIT CHAVE FUSÍVEL P/ RDA, CIRC. TRIFÁSICO, INCLUSO ACESSÓRIOS | D75: UN | E75: 2 | F75: 0 | G75: 0.2571 | H75: =ROUNDDOWN(F75*(1+G75),2) -> 0 | I75: =ROUNDDOWN(H75*E75,2) -> 0
B76: 4.7 | C76: KIT PÁRA-RAIOS P/ RDA, CIRC. TRIFÁSICO, INCLUSO ACESSÓRIOS | D76: UN | E76: 1 | F76: 0 | G76: 0.2571 | H76: =ROUNDDOWN(F76*(1+G76),2) -> 0 | I76: =ROUNDDOWN(H76*E76,2) -> 0
B77: 4.8 | C77: SUPORTE DE CABOS PARA 02 CIRCUITOS - DERIVAÇÃO RDA/RDS (N2) | D77: UN | E77: 1 | F77: 0 | G77: 0.2571 | H77: =ROUNDDOWN(F77*(1+G77),2) -> 0 | I77: =ROUNDDOWN(H77*E77,2) -> 0
B78: 4.9 | C78: ESTRUTURA PT COMPLETA, INCLUSIVE FERRAGEM DE FIXAÇÃO. | D78: UN | E78: 1 | F78: 0 | G78: 0.2571 | H78: =ROUNDDOWN(F78*(1+G78),2) -> 0 | I78: =ROUNDDOWN(H78*E78,2) -> 0
B79: 4.10 | C79: TERMINAL ELASTOMÉRICO MODULAR, USO EXTERNO, UNIPOLAR, PARA CABO EM COBRE COM ISOLAÇÃO EM XLPE OU EPR, 95 MM2, 15 kV, COM CONECTOR TERMINAL DE COMPRESSÃO. | D79: UN | E79: 6 | F79: 0 | G79: 0.2571 | H79: =ROUNDDOWN(F79*(1+G79),2) -> 0 | I79: =ROUNDDOWN(H79*E79,2) -> 0
B80: 4.11 | C80: ELETRODUTO EM AÇO GALVANIZADO, 4", 3,0M | D80: UN | E80: 1 | F80: 0 | G80: 0.2571 | H80: =ROUNDDOWN(F80*(1+G80),2) -> 0 | I80: =ROUNDDOWN(H80*E80,2) -> 0
B81: 4.12 | C81: ARAME GALVANIZADO, NUMERO 12, P/ AMARRAÇÃO, SIMPLES, MACIO. | D81: KG | E81: 2 | F81: 0 | G81: 0.2571 | H81: =ROUNDDOWN(F81*(1+G81),2) -> 0 | I81: =ROUNDDOWN(H81*E81,2) -> 0
B83: 5 | C83: MISCELÂNEAS | I83: =SUM(I84:I87) -> 0
B84: 5.1 | C84: FITA ELÉTRICA ALTA TENSÃO, 19X10000MM (AUTOFUSÃO). | D84: RL | E84: 12 | F84: 0 | G84: 0.2571 | H84: =ROUNDDOWN(F84*(1+G84),2) -> 0 | I84: =ROUNDDOWN(H84*E84,2) -> 0
B85: 5.2 | C85: FITA ELÉTRICA PARA BLINDAGEM, COBRE ESTANHADO, LARGURA 19MM, COMPRIMENTO 4.5M. | D85: RL | E85: 6 | F85: 0 | G85: 0.2571 | H85: =ROUNDDOWN(F85*(1+G85),2) -> 0 | I85: =ROUNDDOWN(H85*E85,2) -> 0
B86: 5.3 | C86: FITA ELÉTRICA SEMI-CONDUTORA, LARGURA 19MM, COMPRIMENTO 4.5M. | D86: RL | E86: 6 | F86: 0 | G86: 0.2571 | H86: =ROUNDDOWN(F86*(1+G86),2) -> 0 | I86: =ROUNDDOWN(H86*E86,2) -> 0
B87: 5.4 | C87: FITA PLÁSTICA ISOLANTE, 19X20000MM, CONFORME NORMA ABNT NBR 60.454. | D87: RL | E87: 8 | F87: 0 | G87: 0.2571 | H87: =ROUNDDOWN(F87*(1+G87),2) -> 0 | I87: =ROUNDDOWN(H87*E87,2) -> 0
B89: 6 | C89: VALOR TOTAL DOS MATERIAIS PARA MONTAGEM ELETROMECÂNICA C/ BDI (soma dos itens 1 a 5) | I89: =SUM(I9,I20,I37,I69,I83) -> 0

Sheet Anexo I.e.ND
B2: ANEXO I.e - ORÇAMENTO - OBRAS CIVIS
B3: LOTE 01 - SQNW 102
B4: DATA BASE: 05/2021
B6: Item | C6: Código | D6: Banco | E6: Descrição | F6: Und | G6: Quant. | H6: Valor Unit | I6: Valor Unit com BDI | J6: Total | K6: Peso (%)
B7: 1 | E7: ADMINISTRAÇÃO LOCAL
B8: 1.1 | C8: 90777 | D8: SINAPI | E8: ENGENHEIRO CIVIL DE OBRA JUNIOR COM ENCARGOS COMPLEMENTARES | F8: H | G8: 220
B9: 1.2 | C9: 94295 | D9: SINAPI | E9: MESTRE DE OBRAS COM ENCARGOS COMPLEMENTARES | F9: MES | G9: 5
B10: 1.3 | C10: 93563 | D10: SINAPI | E10: ALMOXARIFE COM ENCARGOS COMPLEMENTARES | F10: MES | G10: 5
B11: 1.4 | C11: 88326 | D11: SINAPI | E11: VIGIA NOTURNO COM ENCARGOS COMPLEMENTARES | F11: H | G11: 1200
B12: 1.5 | C12: 91677 | D12: SINAPI | E12: ENGENHEIRO ELETRICISTA COM ENCARGOS COMPLEMENTARES | F12: H | G12: 176
B13: 1.6 | C13: 2 | D13: Próprio | E13: ART DA OBRA | F13: und | G13: 1
B14: 2 | E14: CANTEIRO DE OBRAS
B15: 2.1 | C15: 74209/001 | D15: SINAPI | E15: PLACA DE OBRA EM CHAPA DE ACO GALVANIZADO | F15: m² | G15: 12
B16: 2.2 | C16: 00010775 | D16: SINAPI | E16: LOCACAO DE CONTAINER 2,30 X 6,00 M, ALT. 2,50 M, COM 1 SANITARIO, PARA ESCRITORIO, COMPLETO, SEM DIVISORIAS INTERNAS | F16: MES | G16: 5
B17: 2.3 | C17: 00010776 | D17: SINAPI | E17: LOCACAO DE CONTAINER 2,30 X 6,00 M, ALT. 2,50 M, PARA ESCRITORIO, SEM DIVISORIAS INTERNAS E SEM SANITARIO | F17: MES | G17: 5
B18: 2.4 | C18: 00010777 | D18: SINAPI | E18: LOCACAO DE CONTAINER 2,30 X 4,30 M, ALT. 2,50 M, PARA SANITARIO, COM 3 BACIAS, 4 CHUVEIROS, 1 LAVATORIO E 1 MICTORIO | F18: MES | G18: 5
B19: 2.5 | C19: 020142 B | D19: Próprio | E19: Mobilização e Desmobilização de Container | F19: und | G19: 6
B20: 2.6 | C20: 9416 | D20: ORSE | E20: Instalação provisória de energia elétrica, aerea, trifasica, em poste galvanizado, exclusive fornecimento do medidor | F20: un | G20: 1
B21: 2.7 | C21: 6096 | D21: ORSE | E21: Ligação Predial de Água em Mureta de Concreto, Provisória ou Definitiva, com Fornecimento de Material, inclusive Mureta e Hidrômetro, Rede DN 50mm | F21: UN | G21: 1
B22: 2.8 | C22: 53 | D22: ORSE | E22: Tapume em chapa compensada esp = 10mm (1 uso) | F22: m² | G22: 118.8
B23: 3 | E23: REDE DE DISTRIBUIÇÃO ELÉTRICA SUBTERRÂNEA COM ABERTURA DE VALAS
B24: 3.1 | E24: RDS PRIMÁRIA - 2 DUTOS
B25: 3.1.1 | C25: 102279 | D25: SINAPI | E25: ESCAVAÇÃO MECANIZADA DE VALA COM PROF. ATÉ 1,5 M (MÉDIA ENTRE MONTANTE E JUSANTE/UMA COMPOSIÇÃO POR TRECHO), COM ESCAVADEIRA HIDRÁULICA (0,8 M3/111 HP),LARG. MENOR QUE 1,5 M, EM SOLO DE 1A CATEGORIA, LOCAIS COM BAIXO NÍVEL DE INTERFERÊNCIA. AF_02/2021 | F25: m³ | G25: 7.35
B26: 3.1.2 | C26: 97083 | D26: SINAPI | E26: COMPACTAÇÃO MECÂNICA DE SOLO, COM COMPACTADOR DE SOLOS A PERCUSSÃO. AF_09/2017 | F26: m² | G26: 7
B27: 3.1.3 | C27: 2003844 | D27: SICRO3 | E27: Lastro de areia comercial - espalhamento mecânico | F27: m³ | G27: 1.59
B28: 3.1.4 | C28: 100980 | D28: SINAPI | E28: CARGA, MANOBRA E DESCARGA DE SOLOS E MATERIAIS GRANULARES EM CAMINHÃO BASCULANTE 18 M³ - CARGA COM ESCAVADEIRA HIDRÁULICA (CAÇAMBA DE 1,20 M³ / 155 HP) E DESCARGA LIVRE (UNIDADE: M3). AF_07/2020 | F28: m³ | G28: 1.59
B29: 3.1.5 | C29: 95877 | D29: SINAPI | E29: TRANSPORTE COM CAMINHÃO BASCULANTE DE 18 M³, EM VIA URBANA PAVIMENTADA, DMT ATÉ 30 KM (UNIDADE: M3XKM). AF_07/2020 | F29: M3XKM | G29: 47.79
B30: 3.1.6 | C30: 94870 A | D30: Próprio | E30: ASSENTAMENTO DE TUBOS PARA REDE ELÉTRICA SUBTERRÂNEA, DN 100 MM, JUNTA ELÁSTICA INTEGRADA, INSTALADO EM LOCAL COM NÍVEL BAIXO DE INTERFERÊNCIAS ( NÃO INCLUI FORNECIMENTO). | F30: m | G30: 20
B31: 3.1.7 | C31: 97083 | D31: SINAPI | E31: COMPACTAÇÃO MECÂNICA DE SOLO, COM COMPACTADOR DE SOLOS A PERCUSSÃO. AF_09/2017 | F31: m² | G31: 7
B32: 3.1.8 | C32: 97736 | D32: SINAPI | E32: PEÇA RETANGULAR PRÉ-MOLDADA, VOLUME DE CONCRETO ACIMA DE 100 LITROS, TAXA DE AÇO APROXIMADA DE 30KG/M³. AF_01/2018 | F32: m³ | G32: 0.2
B33: 3.1.9 | C33: 5914654 | D33: SICRO3 | E33: Carga, manobra e descarga de materiais diversos em caminhão carroceria de 9 t - carga e descarga manuais | F33: t | G33: 0.5
B34: 3.1.10 | C34: 100947 | D34: SINAPI | E34: TRANSPORTE COM CAMINHÃO CARROCERIA 9T, EM VIA URBANA PAVIMENTADA, DMT ATÉ 30KM (UNIDADE: TXKM). AF_07/2020 | F34: TXKM | G34: 5
B35: 3.1.11 | C35: 4915671 | D35: SICRO3 | E35: Reaterro e compactação com soquete vibratório | F35: m³ | G35: 5.32
B36: 3.1.12 | C36: 00042015 | D36: SINAPI | E36: FITA PLASTICA ZEBRADA PARA DEMARCACAO DE AREAS, LARGURA = 7 CM, SEM ADESIVO (COLETADO CAIXA) | F36: M | G36: 40
... B39: 3.1.15 | C39: 101019 | D39: SINAPI | E39: CARGA, MANOBRA E DESCARGA MANUAL DE TUBOS PLÁSTICOS, DN MENOR OU IGUAL A 100 MM, EM CAMINHÃO CARROCERIA 9T. AF_07/2020 | F39: T | G39: 0.024
B40: 3.2 | E40: RDS SECUNDÁRIA – 6 DUTOS
B41: 3.2.1 | C41: 102279 | D41: SINAPI | E41: ESCAVAÇÃO MECANIZADA DE VALA COM PROF. ATÉ 1,5 M (MÉDIA ENTRE MONTANTE E JUSANTE/UMA COMPOSIÇÃO POR TRECHO), COM ESCAVADEIRA HIDRÁULICA (0,8 M3/111 HP),LARG. MENOR QUE 1,5 M, EM SOLO DE 1A CATEGORIA, LOCAIS COM BAIXO NÍVEL DE INTERFERÊNCIA. AF_02/2021 | F41: m³ | G41: 19.89
B42: 3.2.2 | C42: 97083 | D42: SINAPI | E42: COMPACTAÇÃO MECÂNICA DE SOLO PARA EXECUÇÃO DE RADIER, COM COMPACTADOR DE SOLOS A PERCUSSÃO. AF_09/2017 | F42: m² | G42: 20.3
B43: 3.2.3 | C43: 2003844 | D43: SICRO3 | E43: Lastro de areia comercial - espalhamento mecânico | F43: m³ | G43: 6.35
B44: 3.2.4 | C44: 100980 | D44: SINAPI | E44: CARGA, MANOBRA E DESCARGA DE SOLOS E MATERIAIS GRANULARES EM CAMINHÃO BASCULANTE 18 M³ - CARGA COM ESCAVADEIRA HIDRÁULICA (CAÇAMBA DE 1,20 M³ / 155 HP) E DESCARGA LIVRE (UNIDADE: M3). AF_07/2020 | F44: m³ | G44: 6.35
B45: 3.2.5 | C45: 95877 | D45: SINAPI | E45: TRANSPORTE COM CAMINHÃO BASCULANTE DE 18 M³, EM VIA URBANA PAVIMENTADA, DMT ATÉ 30 KM (UNIDADE: M3XKM). AF_07/2020 | F45: M3XKM | G45: 190.42
B46: 3.2.6 | C46: 94870 A | D46: Próprio | E46: ASSENTAMENTO DE TUBOS PARA REDE ELÉTRICA SUBTERRÂNEA, DN 100 MM, JUNTA ELÁSTICA INTEGRADA, INSTALADO EM LOCAL COM NÍVEL BAIXO DE INTERFERÊNCIAS ( NÃO INCLUI FORNECIMENTO). | F46: m | G46: 174
B47: 3.2.7 | C47: 97083 | D47: SINAPI | E47: COMPACTAÇÃO MECÂNICA DE SOLO PARA EXECUÇÃO DE RADIER, COM COMPACTADOR DE SOLOS A PERCUSSÃO. AF_09/2017 | F47: m² | G47: 40.6
B48: 3.2.8 | C48: 97736 | D48: SINAPI | E48: PEÇA RETANGULAR PRÉ-MOLDADA, VOLUME DE CONCRETO ACIMA DE 100 LITROS, TAXA DE AÇO APROXIMADA DE 30KG/M³. AF_01/2018 | F48: m³ | G48: 0.58
B49: 3.2.9 | C49: 5914654 | D49: SICRO3 | E49: Carga, manobra e descarga de materiais diversos em caminhão carroceria de 9 t - carga e descarga manuais | F49: t | G49: 1.45
B50: 3.2.10 | C50: 100947 | D50: SINAPI | E50: TRANSPORTE COM CAMINHÃO CARROCERIA 9T, EM VIA URBANA PAVIMENTADA, DMT ATÉ 30KM (UNIDADE: TXKM). AF_07/2020 | F50: TXKM | G50: 14.5
B51: 3.2.11 | C51: 4915671 | D51: SICRO3 | E51: Reaterro e compactação com soquete vibratório | F51: m³ | G51: 11.37
B52: 3.2.12 | C52: 00042015 | D52: SINAPI | E52: FITA PLASTICA ZEBRADA PARA DEMARCACAO DE AREAS, LARGURA = 7 CM, SEM ADESIVO (COLETADO CAIXA) | F52: M | G52: 116
... B55: 3.2.15 | C55: 101019 | D55: SINAPI | E55: CARGA, MANOBRA E DESCARGA MANUAL DE TUBOS PLÁSTICOS, DN MENOR OU IGUAL A 100 MM, EM CAMINHÃO CARROCERIA 9T. AF_07/2020 | F55: T | G55: 0.21
B56: 3.3 | E56: RDS SECUNDÁRIA - 8 DUTOS
B57: 3.3.1 | C57: 102279 | D57: SINAPI | E57: ESCAVAÇÃO MECANIZADA DE VALA COM PROF. ATÉ 1,5 M (MÉDIA ENTRE MONTANTE E JUSANTE/UMA COMPOSIÇÃO POR TRECHO), COM ESCAVADEIRA HIDRÁULICA (0,8 M3/111 HP),LARG. MENOR QUE 1,5 M, EM SOLO DE 1A CATEGORIA, LOCAIS COM BAIXO NÍVEL DE INTERFERÊNCIA. AF_02/2021 | F57: m³ | G57: 100.16
B58: 3.3.2 | C58: 97083 | D58: SINAPI | E58: COMPACTAÇÃO MECÂNICA DE SOLO PARA EXECUÇÃO DE RADIER, COM COMPACTADOR DE SOLOS A PERCUSSÃO. AF_09/2017 | F58: m² | G58: 102.2
B59: 3.3.3 | C59: 2003844 | D59: SICRO3 | E59: Lastro de areia comercial - espalhamento mecânico | F59: m³ | G59: 29.66
B60: 3.3.4 | C60: 100980 | D60: SINAPI | E60: CARGA, MANOBRA E DESCARGA DE SOLOS E MATERIAIS GRANULARES EM CAMINHÃO BASCULANTE 18 M³ - CARGA COM ESCAVADEIRA HIDRÁULICA (CAÇAMBA DE 1,20 M³ / 155 HP) E DESCARGA LIVRE (UNIDADE: M3). AF_07/2020 | F60: m³ | G60: 29.66
B61: 3.3.5 | C61: 95877 | D61: SINAPI | E61: TRANSPORTE COM CAMINHÃO BASCULANTE DE 18 M³, EM VIA URBANA PAVIMENTADA, DMT ATÉ 30 KM (UNIDADE: M3XKM). AF_07/2020 | F61: M3XKM | G61: 889.88
B62: 3.3.6 | C62: 94870 A | D62: Próprio | E62: ASSENTAMENTO DE TUBOS PARA REDE ELÉTRICA SUBTERRÂNEA, DN 100 MM, JUNTA ELÁSTICA INTEGRADA, INSTALADO EM LOCAL COM NÍVEL BAIXO DE INTERFERÊNCIAS ( NÃO INCLUI FORNECIMENTO). | F62: m | G62: 1168
B63: 3.3.7 | C63: 97083 | D63: SINAPI | E63: COMPACTAÇÃO MECÂNICA DE SOLO PARA EXECUÇÃO DE RADIER, COM COMPACTADOR DE SOLOS A PERCUSSÃO. AF_09/2017 | F63: m² | G63: 204.4
B64: 3.3.8 | C64: 97736 | D64: SINAPI | E64: PEÇA RETANGULAR PRÉ-MOLDADA, VOLUME DE CONCRETO ACIMA DE 100 LITROS, TAXA DE AÇO APROXIMADA DE 30KG/M³. AF_01/2018 | F64: m³ | G64: 2.92
B65: 3.3.9 | C65: 5914654 | D65: SICRO3 | E65: Carga, manobra e descarga de materiais diversos em caminhão carroceria de 9 t - carga e descarga manuais | F65: t | G65: 7.3
B66: 3.3.10 | C66: 100947 | D66: SINAPI | E66: TRANSPORTE COM CAMINHÃO CARROCERIA 9T, EM VIA URBANA PAVIMENTADA, DMT ATÉ 30KM (UNIDADE: TXKM). AF_07/2020 | F66: TXKM | G66: 73
B67: 3.3.11 | C67: 4915671 | D67: SICRO3 | E67: Reaterro e compactação com soquete vibratório | F67: m³ | G67: 57.23
B68: 3.3.12 | C68: 00042015 | D68: SINAPI | E68: FITA PLASTICA ZEBRADA PARA DEMARCACAO DE AREAS, LARGURA = 7 CM, SEM ADESIVO (COLETADO CAIXA) | F68: M | G68: 584
... B71: 3.3.15 | C71: 101019 | D71: SINAPI | E71: CARGA, MANOBRA E DESCARGA MANUAL DE TUBOS PLÁSTICOS, DN MENOR OU IGUAL A 100 MM, EM CAMINHÃO CARROCERIA 9T. AF_07/2020 | F71: T | G71: 1.39
B72: 3.4 | E72: RDS SECUNDÁRIA – 14 DUTOS
B73: 3.4.1 | C73: 102279 | D73: SINAPI | E73: ESCAVAÇÃO MECANIZADA DE VALA COM PROF. ATÉ 1,5 M (MÉDIA ENTRE MONTANTE E JUSANTE/UMA COMPOSIÇÃO POR TRECHO), COM ESCAVADEIRA HIDRÁULICA (0,8 M3/111 HP),LARG. MENOR QUE 1,5 M, EM SOLO DE 1A CATEGORIA, LOCAIS COM BAIXO NÍVEL DE INTERFERÊNCIA. AF_02/2021 | F73: m³ | G73: 62.94
B74: 3.4.2 | C74: 97083 | D74: SINAPI | E74: COMPACTAÇÃO MECÂNICA DE SOLO PARA EXECUÇÃO DE RADIER, COM COMPACTADOR DE SOLOS A PERCUSSÃO. AF_09/2017 | F74: m² | G74: 56.7
B75: 3.4.3 | C75: 2003844 | D75: SICRO3 | E75: Lastro de areia comercial - espalhamento mecânico | F75: m³ | G75: 21.28
B76: 3.4.4 | C76: 100980 | D76: SINAPI | E76: CARGA, MANOBRA E DESCARGA DE SOLOS E MATERIAIS GRANULARES EM CAMINHÃO BASCULANTE 18 M³ - CARGA COM ESCAVADEIRA HIDRÁULICA (CAÇAMBA DE 1,20 M³ / 155 HP) E DESCARGA LIVRE (UNIDADE: M3). AF_07/2020 | F76: m³ | G76: 21.28
B77: 3.4.5 | C77: 95877 | D77: SINAPI | E77: TRANSPORTE COM CAMINHÃO BASCULANTE DE 18 M³, EM VIA URBANA PAVIMENTADA, DMT ATÉ 30 KM (UNIDADE: M3XKM). AF_07/2020 | F77: M3XKM | G77: 638.49
B78: 3.4.6 | C78: 94870 A | D78: Próprio | E78: ASSENTAMENTO DE TUBOS PARA REDE ELÉTRICA SUBTERRÂNEA, DN 100 MM, JUNTA ELÁSTICA INTEGRADA, INSTALADO EM LOCAL COM NÍVEL BAIXO DE INTERFERÊNCIAS ( NÃO INCLUI FORNECIMENTO). | F78: m | G78: 972
B79: 3.4.7 | C79: 97083 | D79: SINAPI | E79: COMPACTAÇÃO MECÂNICA DE SOLO PARA EXECUÇÃO DE RADIER, COM COMPACTADOR DE SOLOS A PERCUSSÃO. AF_09/2017 | F79: m² | G79: 170.1
B80: 3.4.8 | C80: 97736 | D80: SINAPI | E80: PEÇA RETANGULAR PRÉ-MOLDADA, VOLUME DE CONCRETO ACIMA DE 100 LITROS, TAXA DE AÇO APROXIMADA DE 30KG/M³. AF_01/2018 | F80: m³ | G80: 1.62
B81: 3.4.9 | C81: 5914654 | D81: SICRO3 | E81: Carga, manobra e descarga de materiais diversos em caminhão carroceria de 9 t - carga e descarga manuais | F81: t | G81: 4.05
B82: 3.4.10 | C82: 100947 | D82: SINAPI | E82: TRANSPORTE COM CAMINHÃO CARROCERIA 9T, EM VIA URBANA PAVIMENTADA, DMT ATÉ 30KM (UNIDADE: TXKM). AF_07/2020 | F82: TXKM | G82: 40.5
B83: 3.4.11 | C83: 4915671 | D83: SICRO3 | E83: Reaterro e compactação com soquete vibratório | F83: m³ | G83: 31.75
B84: 3.4.12 | C84: 00042015 | D84: SINAPI | E84: FITA PLASTICA ZEBRADA PARA DEMARCACAO DE AREAS, LARGURA = 7 CM, SEM ADESIVO (COLETADO CAIXA) | F84: M | G84: 324
... B87: 3.4.15 | C87: 101019 | D87: SINAPI | E87: CARGA, MANOBRA E DESCARGA MANUAL DE TUBOS PLÁSTICOS, DN MENOR OU IGUAL A 100 MM, EM CAMINHÃO CARROCERIA 9T. AF_07/2020 | F87: T | G87: 1.16
B88: 3.5 | E88: RDS SECUNDÁRIA – 14 DUTOS
B89: 3.5.1 | C89: 102279 | D89: SINAPI | E89: ESCAVAÇÃO MECANIZADA DE VALA COM PROF. ATÉ 1,5 M (MÉDIA ENTRE MONTANTE E JUSANTE/UMA COMPOSIÇÃO POR TRECHO), COM ESCAVADEIRA HIDRÁULICA (0,8 M3/111 HP),LARG. MENOR QUE 1,5 M, EM SOLO DE 1A CATEGORIA, LOCAIS COM BAIXO NÍVEL DE INTERFERÊNCIA. AF_02/2021 | F89: m³ | G89: 21.7
B90: 3.5.2 | C90: 97083 | D90: SINAPI | E90: COMPACTAÇÃO MECÂNICA DE SOLO PARA EXECUÇÃO DE RADIER, COM COMPACTADOR DE SOLOS A PERCUSSÃO. AF_09/2017 | F90: m² | G90: 17.5
B91: 3.5.3 | C91: 2003844 | D91: SICRO3 | E91: Lastro de areia comercial - espalhamento mecânico | F91: m³ | G91: 8.45
B92: 3.5.4 | C92: 100980 | D92: SINAPI | E92: CARGA, MANOBRA E DESCARGA DE SOLOS E MATERIAIS GRANULARES EM CAMINHÃO BASCULANTE 18 M³ - CARGA COM ESCAVADEIRA HIDRÁULICA (CAÇAMBA DE 1,20 M³ / 155 HP) E DESCARGA LIVRE (UNIDADE: M3). AF_07/2020 | F92: m³ | G92: 8.45
B93: 3.5.5 | C93: 95877 | D93: SINAPI | E93: TRANSPORTE COM CAMINHÃO BASCULANTE DE 18 M³, EM VIA URBANA PAVIMENTADA, DMT ATÉ 30 KM (UNIDADE: M3XKM). AF_07/2020 | F93: M3XKM | G93: 253.53
B94: 3.5.6 | C94: 94870 A | D94: Próprio | E94: ASSENTAMENTO DE TUBOS PARA REDE ELÉTRICA SUBTERRÂNEA, DN 100 MM, JUNTA ELÁSTICA INTEGRADA, INSTALADO EM LOCAL COM NÍVEL BAIXO DE INTERFERÊNCIAS ( NÃO INCLUI FORNECIMENTO). | F94: m | G94: 350
B95: 3.5.7 | C95: 97083 | D95: SINAPI | E95: COMPACTAÇÃO MECÂNICA DE SOLO PARA EXECUÇÃO DE RADIER, COM COMPACTADOR DE SOLOS A PERCUSSÃO. AF_09/2017 | F95: m² | G95: 70
B96: 3.5.8 | C96: 97736 | D96: SINAPI | E96: PEÇA RETANGULAR PRÉ-MOLDADA, VOLUME DE CONCRETO ACIMA DE 100 LITROS, TAXA DE AÇO APROXIMADA DE 30KG/M³. AF_01/2018 | F96: m³ | G96: 0.5
B97: 3.5.9 | C97: 5914654 | D97: SICRO3 | E97: Carga, manobra e descarga de materiais diversos em caminhão carroceria de 9 t - carga e descarga manuais | F97: t | G97: 1.25
B98: 3.5.10 | C98: 100947 | D98: SINAPI | E98: TRANSPORTE COM CAMINHÃO CARROCERIA 9T, EM VIA URBANA PAVIMENTADA, DMT ATÉ 30KM (UNIDADE: TXKM). AF_07/2020 | F98: TXKM | G98: 12.5
B99: 3.5.11 | C99: 4915671 | D99: SICRO3 | E99: Reaterro e compactação com soquete vibratório | F99: m³ | G99: 9.8
B100: 3.5.12 | C100: 00042015 | D100: SINAPI | E100: FITA PLASTICA ZEBRADA PARA DEMARCACAO DE AREAS, LARGURA = 7 CM, SEM ADESIVO (COLETADO CAIXA) | F100: M | G100: 100
... B103: 3.5.15 | C103: 101019 | D103: SINAPI | E103: CARGA, MANOBRA E DESCARGA MANUAL DE TUBOS PLÁSTICOS, DN MENOR OU IGUAL A 100 MM, EM CAMINHÃO CARROCERIA 9T. AF_07/2020 | F103: T | G103: 0.42
B104: 4 | E104: REDE ELÉTRICA SUBTERRÂNEA - MÉTODO NÃO DESTRUTIVO
B105: 4.1 | E105: MND - 4 DUTOS
B106: 4.1.1 | C106: C5070 | D106: SEINFRA | E106: FURO DIRECIONAL E PUXE PARA DUTO EM PEAD DN 110 MM - MÉTODO NÃO DESTRUTIVO (MND) | F106: M | G106: 688
B107: 4.1.2 | C107: I6690 | D107: SEINFRA | E107: DUTO FLEXIVEL EM PEAD - D=110mm (4"), C/CONEXÕES | F107: M | G107: 688
B108: 4.1.3 | C108: 101019 | D108: SINAPI | E108: CARGA, MANOBRA E DESCARGA MANUAL DE TUBOS PLÁSTICOS, DN MENOR OU IGUAL A 100 MM, EM CAMINHÃO CARROCERIA 9T. AF_07/2020 | F108: T | G108: 0.82
B109: 4.1.4 | C109: 100947 | D109: SINAPI | E109: TRANSPORTE COM CAMINHÃO CARROCERIA 9T, EM VIA URBANA PAVIMENTADA, DMT ATÉ 30KM (UNIDADE: TXKM). AF_07/2020 | F109: TXKM | G109: 8.18
B110: 4.2 | E110: MND - 6 DUTOS
B111: 4.2.1 | C111: C5070 | D111: SEINFRA | E111: FURO DIRECIONAL E PUXE PARA DUTO EM PEAD DN 110 MM - MÉTODO NÃO DESTRUTIVO (MND) | F111: M | G111: 2106
B112: 4.2.2 | C112: I6690 | D112: SEINFRA | E112: DUTO FLEXIVEL EM PEAD - D=110mm (4"), C/CONEXÕES | F112: M | G112: 2106
...

Sheet Anexo I.f.ND
B2: ANEXO I.f - QUADRO RESUMO
B3: LOTE 01 - SQNW 102
B4: DATA BASE: 05/2021
B6: ITEM | C6: VALOR (R$)
B7: ANEXO I.c - ORÇAMENTO DE SERVIÇOS - MONTAGEM ELETROMECÂNICA | C7: ='Anexo I.c.ND'!J38 -> 0
B8: ANEXO I.d - ORÇAMENTO DE MATERIAIS - MONTAGEM ELETROMECÂNICA | C8: ='Anexo I.d.ND'!I89 -> 0
B9: ANEXO I.e - ORÇAMENTO OBRAS CIVIS | C9: ='Anexo I.e.ND'!I254 -> 0
B11: TOTAL LOTE 01 - SQNW 102 | C11: =SUM(C6:C9) -> 0

Sheet Anexo I.g.ND
B2: ANEXO I.g - CRONOGRAMA FÍSICO-FINANCEIRO
B3: LOTE 01 - SQNW 102
B4: DATA BASE: 05/2021
B6: ETAPA | C6: DIAS | M6: TOTAL/Etapa
C7: 30 | D7: 60 | E7: 90 | F7: 120 | G7: 150 | H7: 180 | I7: 210 | J7: 240 | K7: 270 | L7: 300
B8: Elaboração e Aprovação de Projeto Executivo - Rede de Distribuição Aérea (RDA) | M8: =SUM(C8:L8) -> 0
B9: Elaboração e Aprovação de Projeto Executivo - Rede de Distribuição Subterrânea (RDS) | M9: =SUM(C9:L9) -> 0
B10: Elaboração e Aprovação de Projeto Executivo - Estações Transformadoras | M10: =SUM(C10:L10) -> 0
B11: Administração Local | M11: =SUM(C11:L11) -> 0
B12: Obras Civis - Canteiro de Obras | M12: =SUM(C12:L12) -> 0
B13: Obras Civis - Estações Transformadoras | M13: =SUM(C13:L13) -> 0
B14: Obras Civis - Rede de Dutos e Caixas de Passagem | M14: =SUM(C14:L14) -> 0
B15: Montagem Eletromecânica - Execução da Transição RDA/RDS | M15: =SUM(C15:L15) -> 0
B16: Montagem Eletromecânica - Estações Transformadoras | M16: =SUM(C16:L16) -> 0
B17: Montagem Eletromecânica - Circuitos Primários | M17: =SUM(C17:L17) -> 0
B18: Montagem Eletromecânica - Circuitos Secundários | M18: =SUM(C18:L18) -> 0
B19: Elaboração de As Built | M19: =SUM(C19:L19) -> 0
B20: TOTAL/mês | C20: =SUM(C8:C19) -> 0 | D20: =SUM(D8:D19) -> 0 | E20: =SUM(E8:E19) -> 0 | F20: =SUM(F8:F19) -> 0 | G20: =SUM(G8:G19) -> 0 | H20: =SUM(H8:H19) -> 0 | I20: =SUM(I8:I19) -> 0 | J20: =SUM(J8:J19) -> 0 | ... M20: =SUM(M8:M19) -> 0

Sheet Anexo I.h.ND
B2: ANEXO I.h - COMPOSIÇÃO DO BDI | L2: ANEXO I.h - COMPOSIÇÃO DO BDI
B3: LOTE 01 - SQNW 102 | L3: LOTE 01 - SQNW 102
B4: DATA BASE: 05/2021 | L4: DATA BASE: 05/2021
B7: BENEFÍCIOS E DESPESAS INDIRETAS | L7: BENEFÍCIOS E DESPESAS INDIRETAS
B8: CONSTRUÇÃO E MANUTENÇÃO DE ESTAÇÕES E REDES DE DISTRIBUIÇÃO DE ENERGIA ELÉTRICA | L8: BDI DIFERENCIADO - FORNECIMENTO DE MATERIAIS E EQUIPAMENTOS RELEVANTES DE NATUREZA ESPECÍFICA
C9: SEM Desoneração da Folha de Pagamento | M9: SEM Desoneração da Folha de Pagamento
I10: 1º Quartil | S10: 1º Quartil
C11: Grupo | D11: Componentes | I11: Incidências | M11: Grupo | N11: Componentes | S11: Incidências
C12: Despesas Indiretas | M12: Despesas Indiretas
C13: A | D13: Administração Central | I13: 0.0692 | M13: A | N13: Administração Central | S13: 0.0345
D14: Seguros + Garantias | I14: 0.0056 | N14: Seguros + Garantias | S14: 0.0082
D15: Riscos | I15: 0.0197 | N15: Riscos | S15: 0.0089
D16: Despesas Financeiras | I16: 0.0111 | N16: Despesas Financeiras | S16: 0.0111
C17: Subtotal A | I17: =SUM(I13:I16) -> 0.1056 | M17: Subtotal A | S17: =SUM(S13:S16) -> 0.0627
C18: Tributos | M18: Tributos
C19: B | D19: COFINS - Contribuição Para o Financiamento Seguridade Social | I19: 0.03 | M19: B | N19: COFINS - Contribuição Para o Financiamento Seguridade Social | S19: 0.03
D20: PIS - Programa de Integração Social | I20: 0.0065 | N20: PIS - Programa de Integração Social | S20: 0.0065
D21: ISS - Imposto Sobre Serviços de Qualquer Natureza | I21: 0.01 | N21: ISS - Imposto Sobre Serviços de Qualquer Natureza
D22: CPRB - Contribuição Previdenciária Sobre Receita Bruta | N22: CPRB - Contribuição Previdenciária Sobre Receita Bruta
C23: Subtotal B | I23: =SUM(I19:I22) -> 0.0465 | M23: Subtotal B | S23: =SUM(S19:S22) -> 0.0365
C24: Bonificação | M24: Bonificação
C25: C | D25: Lucro | I25: 0.0831 | M25: C | N25: Lucro | S25: 0.0511
C26: Subtotal C | I26: =SUM(I25:I25) -> 0.0831 | M26: Subtotal C | S26: =SUM(S25:S25) -> 0.0511
C27: BDI | I27: =ROUND(((((((1+(I13+I14+I15))*((1+I16)*(1+I26)))/(1-I23))-1)*100))/100,4) -> 0.2571 | M27: BDI | S27: =ROUND(((((((1+(S13+S14+S15))*((1+S16)*(1+S26)))/(1-S23))-1)*100))/100,4) -> 0.1599
C29: FÓRMULA PARA CÁLCULO DO BDI | M29: FÓRMULA PARA CÁLCULO DO BDI
C30: BDI = | D30: [( | E30: (1 + (AC + S + R + G)) x ((1 + DF) X (1 + L)) | F30: ) | G30: -1 | H30: ] | I30: X 100 | M30: BDI = | N30: [( | O30: (1 + (AC + S + R + G)) x ((1 + DF) X (1 + L)) | P30: ) | Q30: -1 | R30: ] | S30: X 100
E31: (1 - I) | O31: (1 - I)
C33: AC | D33: Taxa representativa das despesas de rateio da Administração Central | M33: AC | N33: Taxa representativa das despesas de rateio da Administração Central
C34: S | D34: Taxa Representativa de Seguros | M34: S | N34: Taxa Representativa de Seguros
C35: R | D35: Taxa Representativa de Riscos | M35: R | N35: Taxa Representativa de Riscos
C36: G | D36: Taxa Representativa de Garantias | M36: G | N36: Taxa Representativa de Garantias
C37: DF | D37: Taxa Representativa de Despesas Financeiras | M37: DF | N37: Taxa Representativa de Despesas Financeiras
C38: L | D38: Taxa Representativa de Lucro | M38: L | N38: Taxa Representativa de Lucro
C39: I | D39: Taxa Representativa de Incidência de Impostos | M39: I | N39: Taxa Representativa de Incidência de Impostos
D40: Taxa Representativa da Incidênca de Impostos é aplicada sobre o preço de venda da prestação do serviço, enquanto que as demais taxas são aplicadas sobre o custo | N40: Taxa Representativa da Incidênca de Impostos é aplicada sobre o preço de venda da prestação do serviço, enquanto que as demais taxas são aplicadas sobre o custo
C42: Referência: | M42: Referência:
C43: Relatório do Acordão n° 2.622/2013 - TCU/Plenário | M43: Relatório do Acordão n° 2.622/2013 - TCU/Plenário
